 Dungeon Sprint DCSS version 0.27.1-33-g824d729ab1 (webtiles) character file.

Game seed: 8324984009892049573

952 Hipnos the Carver (level 7, -9/77 HPs)
             Began as a Minotaur Berserker on Nov 25, 2021.
             Was a Priest of Trog.
             Mangled by a red devil (19 damage)
             ... summoned by a kobold demonologist
             ... in the Dungeon (Sprint I: "Red Sonja").
             The game lasted 00:02:14 (674 turns).

Hipnos the Carver (Minotaur Berserker)               Turns: 674, Time: 00:02:15

Health: -9/77      AC:  6    Str: 24    XL:     7   Next: 90%
Magic:  6/6        EV: 12    Int:  4    God:    Trog [***...]
Gold:   415        SH:  0    Dex:  9    Spells: 6/6 levels left

rFire    . . .     SeeInvis .   a - +0 falchion
rCold    . . .     Faith    .   (no shield)
rNeg     . . .     Spirit   .   i - +0 ring mail
rPois    .         Reflect  .   (helmet restricted)
rElec    .         Harm     .   (no cloak)
rCorr    .         Rampage  .   (no gloves)
Will     ++...     NoTele   +   (no boots)
Stlth    ..........             (no amulet)
HPRegen  1.22/turn              (no ring)
MPRegen  0.10/turn              (no ring)

@: strong-willed, on berserk cooldown, regenerating, slowed, very slow
A: horns 2, retaliatory headbutt
a: Renounce Religion, Berserk, Trog's Hand


You were in the Dungeon.
You worshipped Trog.
Trog was most pleased with you.
You visited 1 branch You collected 415 gold pieces.

Inventory:

Hand Weapons
 a - a +0 falchion (weapon)
Armour
 b - a +0 animal skin
 i - a +0 ring mail (worn)
Wands
 c - a wand of flame (10)
Scrolls
 h - a scroll of blinking
Potions
 e - 2 potions of haste
 f - 2 potions of magic
 g - a potion of berserk rage


   Skills:
 + Level 12.2 Fighting
 + Level 13.2 Long Blades
 + Level 8.3 Armour
 + Level 6.7 Dodging


You had 6 spell levels left.
You didn't know any spells.
Your spell library was empty.

Dungeon Overview and Level Annotations

Branches:
Dungeon (1/1)

Altars:
Cheibriados
Dithmenos
Elyvilon
Fedhas
Gozag
Hepliaklqana
Kikubaaqudgha
Makhleb
Nemelex Xobeh
Okawaru
Qazlal
Ru
Sif Muna
Trog
Uskayaw
Vehumet
Wu Jian
Xom
Yredelemnul
Zin
The Shining One
Jiyva
Lugonu

Shops:
D ?


Innate Abilities, Weirdness & Mutations

You have a pair of horns on your head.
You reflexively headbutt those who attack you in melee.


Message History

There is an open door here.
The ufetubus hits you.
* * * LOW HITPOINT WARNING * * *
The ufetubus closely misses you.
Your skin crawls.
You feel strong-willed. The ufetubus completely misses you.
The ufetubus hits you but does no damage.
The ufetubus hits you.
* * * LOW HITPOINT WARNING * * *
The ufetubus barely misses you. The red devil barely misses you.
The ufetubus barely misses you. The ufetubus completely misses you.
The ufetubus hits you but does no damage.
The ufetubus hits you.
* * * LOW HITPOINT WARNING * * *
The ufetubus completely misses you.
You riposte.
You barely miss the ufetubus.
You headbutt the ufetubus, but do no damage.
The ufetubus barely misses you. x2; You furiously retaliate!
You headbutt the ufetubus!
You kill the ufetubus!
The ufetubus disappears in a puff of smoke!
The red devil hits you from afar with a +2 demon trident of pain!
* * * LOW HITPOINT WARNING * * *
You writhe in agony.
* * * LOW HITPOINT WARNING * * *
You feel much better.
The iron imp disappears in a puff of smoke!
The ufetubus hits you but does no damage. x2
The ufetubus closely misses you. The ufetubus hits you.
The red devil hits you from afar with a +2 demon trident of pain!!
* * * LOW HITPOINT WARNING * * *
The ufetubus closely misses you. You furiously retaliate!
You headbutt the ufetubus. The ufetubus barely misses you.
The ufetubus misses you. You furiously retaliate!
You headbutt the ufetubus.
You kill the ufetubus!
The ufetubus disappears in a puff of smoke!
There is an open door here.
The red devil completely misses you.
The red devil hits you from afar with a +2 demon trident of pain!!
You die...

##########################
#<.#..').#..'..#__#..'.).#
#..)..#..').#..'@.4K.#...#
#..#####'#####'#__####...+
#..####..#...#.#### #####
#..#__####..##)#
#..#_____##'#_.+
#⌠⌠#_.∩...'..._#
####_..__##_.#'#
#_____###+#)# ####### ###


You could see a kobold demonologist and a red devil (summoned).

Vanquished Creatures
  A kobold demonologist (D)
  A slime creature (D)
  Sigmund (D)
  A yak (D)
  A floating eye (D)
  An ogre (D)
  A jelly (D)
  Ijyb (D)
8 creatures vanquished.

Notes
Turn   | Place    | Note
-------+----------+-------------------------------------------
     0 | D        | Hipnos the Minotaur Berserker began the quest for the Orb.
     0 | D        | Reached XP level 1. HP: 19/19 MP: 0/0
     1 | D        | Noticed Ijyb
    11 | D        | Killed Ijyb
    12 | D        | Reached skill level 5 in Fighting
    12 | D        | Reached skill level 5 in Long Blades
    12 | D        | Reached XP level 2. HP: 29/29 MP: 1/1
    51 | D        | Noticed an ogre
    58 | D        | Killed an ogre
    59 | D        | Reached skill level 7 in Long Blades
    59 | D        | Reached XP level 3. HP: 25/39 MP: 2/2
    59 | D        | Reached XP level 4. HP: 30/47 MP: 3/3
   225 | D        | Noticed Sigmund
   234 | D        | Killed Sigmund
   234 | D        | Reached ** piety under Trog
   235 | D        | Reached skill level 10 in Long Blades
   235 | D        | Reached XP level 5. HP: 57/57 MP: 4/4
   271 | D        | Found an ornate altar of the Wu Jian Council.
   271 | D        | Found a shimmering blue altar of Sif Muna.
   273 | D        | Found a radiant altar of Vehumet.
   279 | D        | Reached skill level 5 in Dodging
   279 | D        | Reached XP level 6. HP: 45/66 MP: 5/5
   379 | D        | Found Nophant Kuem's Magic Scroll Emporium.
   379 | D        | Found an ancient bone altar of Kikubaaqudgha.
   379 | D        | Found a hazy altar of Hepliaklqana.
   379 | D        | Found a stormy altar of Qazlal.
   379 | D        | Found a hide-covered altar of Uskayaw.
   379 | D        | Found a blossoming altar of Fedhas.
   379 | D        | Found a bloodstained altar of Trog.
   379 | D        | Found an iron altar of Okawaru.
   379 | D        | Found a basalt altar of Yredelemnul.
   379 | D        | Found a glowing golden altar of the Shining One.
   379 | D        | Found a snail-covered altar of Cheibriados.
   379 | D        | Found a sacrificial altar of Ru.
   379 | D        | Found a glowing silver altar of Zin.
   379 | D        | Found a shadowy altar of Dithmenos.
   379 | D        | Found a white marble altar of Elyvilon.
   379 | D        | Noticed a yak
   386 | D        | Killed a yak
   387 | D        | Reached skill level 10 in Fighting
   387 | D        | Reached skill level 11 in Long Blades
   387 | D        | Found an opulent altar of Gozag.
   388 | D        | Found a sparkling altar of Nemelex Xobeh.
   422 | D        | Found a burning altar of Makhleb.
   422 | D        | Found a viscous altar of Jiyva.
   422 | D        | Found a shimmering altar of Xom.
   422 | D        | Found a corrupted altar of Lugonu.
   422 | D        | Noticed a slime creature
   432 | D        | Killed a slime creature
   433 | D        | Reached skill level 12 in Long Blades
   433 | D        | Reached XP level 7. HP: 70/74 MP: 6/6
   649 | D        | Noticed a kobold demonologist
   650 | D        | Noticed a kobold demonologist
   652 | D        | Reached *** piety under Trog
   662 | D        | Noticed a red devil
   666 | D        | Killed a kobold demonologist
   667 | D        | Reached skill level 13 in Long Blades
   674 | D        | Mangled by a red devil

Illustrated notes

Levels and vault maps discovered:
D:        dungeon_sprint_1 [red_sonja_temple_1, red_sonja_temple_small_1]

Skill      XL: |  1  2  3  4  5  6  7 |
---------------+----------------------+-----
Fighting       | 5 7 9 11 12 | 12.2
Long Blades    | 5 7 10 12 13 | 13.2
Armour         | 3 4 6 7 8 |  8.3
Dodging        | 3 4 5 6 |  6.7

Action                   |  1- 3 |  4- 6 |  7- 9 || total
-------------------------+-------+-------+-------++-------
Melee: Falchion          |    12 |    23 |    15 ||    50
       Headbutt          |     2 |     6 |     2 ||    10
Invok: Berserk           |     2 |     3 |     1 ||     6
       Trog's Hand       |       |       |     1 ||     1
  Use: Potion            |     1 |       |     1 ||     2
Armor: Ring mail         |       |     3 |    15 ||    18
Dodge: Dodged            |     4 |     6 |    33 ||    43
       Rpst.: Falchion   |     1 |     1 |     4 ||     6
